 Dungeon Crawl Stone Soup version 0.28-a0-1629-gf728b707aa (webtiles) character file.

Game seed: 3031214994764365174

158 GordonOverkill the Insei (level 5, -1/32 HPs)
             Began as a Vampire Warper on Jan 24, 2022.
             Slain by Blork the killer bee (3 damage)
             ... on level 3 of the Dungeon.
             The game lasted 00:07:07 (3288 turns).

GordonOverkill the Insei (Vampire Warper)           Turns: 3288, Time: 00:07:08

Health: -1/32      AC:  6    Str: 12    XL:     5   Next: 16%
Magic:  8/8        EV: 12    Int: 16    God:
Gold:   113        SH:  0    Dex: 13    Spells: 8/8 levels left

rFire   . . .      SeeInvis +     - Unarmed
rCold   + + .      Faith    .   (no shield)
rNeg    + + +      Spirit   .   a - +0 leather armour
rPois   ∞          Reflect  .   d - +0 helmet
rElec   .          Harm     .   (no cloak)
rCorr   .          Rampage  .   n - +0 pair of gloves
Will    .....                   q - +0 pair of boots
Stlth   +++.......              (no amulet)
HPRegen 0.00/turn               (no ring)
MPRegen 0.11/turn               (no ring)

@: mighty, brilliant, lethally poisoned (-1 -> -1), attractive, bloodless,
inhibited regen
A: bloodless, fangs 3, see invisible, vampiric 2
a: Bat Form, Revivify


You were on level 3 of the Dungeon.
You visited 1 branch of the dungeon, and saw 4 of its levels.

You collected 113 gold pieces.

Inventory:

Missiles
 c - 2 boomerangs of dispersal (quivered)
Armour
 a - a +0 leather armour (worn)
 d - a +0 helmet (worn)
 n - a +0 pair of gloves (worn)
 q - a +0 pair of boots (worn)
Jewellery
 i - a ring of protection from fire
Wands
 r - a wand of polymorph (6)
Scrolls
 b - a scroll of blinking
 f - a scroll of magic mapping {unknown}
 h - 2 scrolls of amnesia {unknown}
 j - a scroll of teleportation
 l - a scroll of immolation {unknown}
 o - a scroll of summoning {unknown}
 p - a scroll of enchant armour {unknown}
Potions
 g - a potion of cancellation


   Skills:
 + Level 3.1 Fighting
 - Level 0.7 Throwing
 - Level 0.7 Armour
 - Level 2.1 Dodging
 * Level 5.1 Unarmed Combat
 - Level 2.0 Spellcasting
 - Level 2.4 Translocations


You had 8 spell levels left.
You didn't know any spells.
Your spell library contained the following spells:

 Spells                   Type           Power      Damage    Failure   Level
 Blink                    Tloc           26%        N/A       16%         2
 Gell's Gravitas          Tloc           13%        N/A       30%         3
 Lesser Beckoning         Tloc           13%        N/A       30%         3
 Teleport Other           Tloc           13%        N/A       30%         3
 Manifold Assault         Tloc           13%        N/A       95%         5
 Blade Hands              Tmut           1%         N/A       100%        5
 Irradiate                Conj/Tmut      1%         3d13      100%        5
 Dragon Form              Tmut           1%         N/A       100%        7


Dungeon Overview and Level Annotations

Branches:
Dungeon (4/15)
 Temple: D:4-7

Altars:

Shops:
D:2 [

Annotations:
D:3 Blork the orc


Innate Abilities, Weirdness & Mutations

You do not regenerate when monsters are visible.
You are frail without blood (-20% HP).
You can heal yourself when you bite living creatures.
You are immune to poison.
You have razor-sharp teeth.
You have supernaturally acute eyesight. (SInv)
You are afflicted with vampirism and can become a bat while bloodless.


Message History

You continue bloodletting.
Blork stings you. Blork misses you.
You continue bloodletting.
Blork barely misses you. Blork stings you!
* * * LOW HITPOINT WARNING * * *
You are poisoned.
Blork poisons you!
You continue bloodletting.
You feel very sick. Blork closely misses you. Blork stings you.
* * * LOW HITPOINT WARNING * * *
You are more poisoned.
Blork poisons you!
You become bloodless.
Okay, then.
Unknown command.
Unknown command.
Unknown command.
It was a potion of attraction.
You feel attractive to monsters. Blork barely misses you. Blork misses you.
It was a potion of brilliance.
You feel clever all of a sudden. Blork stings you but does no damage.
Blork barely misses you.
It was a potion of might.
You feel very mighty all of a sudden. Blork barely misses you.
Blork stings you.
* * * LOW HITPOINT WARNING * * *
You barely miss Blork. Blork stings you.
* * * LOW HITPOINT WARNING * * *
Blork barely misses you.
You punch Blork! Your bite misses Blork.
Blork is severely wounded.
Blork stings you but does no damage. Blork closely misses you.
You barely miss Blork.
Blork is severely wounded.
Blork stings you.
* * * LOW HITPOINT WARNING * * *
Blork stings you.
You die...

#################
#........†......#
#.#############.# #@#
###########.# #y#
#...........# #.#
#.########..# #.# #.#
#..# #.# #.# #..# #.#
#.########..##
#####.###............#
###....#........##.#...#
#.....#.##########.#...#


You could see Blork the killer bee.

Vanquished Creatures
  An orc wizard (D:3)
  Robin (D:3)
  4 adders
  A worm (D:2)
  A dart slug (D:3)
  5 orcs
  6 ball pythons
  6 endoplasms
  A giant cockroach (D:3)
  8 hobgoblins
  13 kobolds
  2 quokkas (D:1)
  3 bats
  A frilled lizard (D:1)
  15 goblins
  2 rats (D:1)
70 creatures vanquished.

Notes
Turn   | Place    | Note
-------+----------+-------------------------------------------
     0 | D:1      | GordonOverkill the Vampire Warper began the quest for the
                  | Orb.
     0 | D:1      | Reached XP level 1. HP: 16/16 MP: 3/3
   264 | D:1      | Reached XP level 2. HP: 19/22 MP: 5/5
   305 | D:1      | Reached skill level 3 in Unarmed Combat
   829 | D:1      | Gained mutation: You are afflicted with vampirism and can
                  | become a bat while bloodless. [Vampire growth]
   829 | D:1      | Reached XP level 3. HP: 27/27 MP: 6/6
  1124 | D:2      | Found a faded altar of an unknown god.
  1611 | D:2      | Found Ypsiog's Armour Shoppe.
  1874 | D:3      | Noticed Robin
  1908 | D:2      | Reached skill level 4 in Unarmed Combat
  1995 | D:2      | Reached XP level 4. HP: 27/34 MP: 7/7
  2059 | D:3      | Killed Robin
  2876 | D:3      | Reached XP level 5. HP: 41/41 MP: 8/8
  2973 | D:3      | Reached skill level 5 in Unarmed Combat
  3269 | D:4      | Noticed Blork the orc
  3270 | D:4      | Noticed Blork
  3270 | D:4      | Blork the orc changed into Blork the killer bee
  3288 | D:3      | Slain by Blork the killer bee

Illustrated notes

Levels and vault maps discovered:
D:1:      grunt_arrival_lava_bath, layout_basic, serial_corexii_hall,
          corexii_hall_statues_i, chequers_hall_statues_corner_a,
          skrybe_limestone_x, minmay_hexomino_p4
D:2:      layout_loops_ring, hellmonk_ecumenical_altar_pennies_from_heaven,
          serial_shops, shop
D:3:      layout_loops_ring, uniq_robin
D:4:      layout_rooms, mainiacjoe_overflow_six_doors_small, xom_butterflies,
          cheibrodos_worm_habitat, minmay_temple_entry_gardened_gates,
          uniq_blork_the_orc, uniq_sigmund, uniq_natasha, uniq_grinder

Skill      XL: |  1  2  3  4  5 |
---------------+----------------+-----
Fighting       | 2 3 |  3.1
Unarmed Combat | 3 4 5 |  5.1
Throwing       | |  0.7
Armour         | |  0.7
Dodging        | |  2.1
Spellcasting   | |  2.0
Translocations | |  2.4

Action                   |  1- 3 |  4- 6 || total
-------------------------+-------+-------++-------
Melee: Unarmed           |   155 |   117 ||   272
       Bite              |    20 |    10 ||    30
       Punch             |     2 |     6 ||     8
Throw: Boomerang         |     3 |       ||     3
 Abil: Exsanguinate      |       |     1 ||     1
Evoke: Wand              |       |     1 ||     1
  Use: Scroll            |     2 |     3 ||     5
       Potion            |       |     3 ||     3
 Stab: Sleeping          |     1 |       ||     1
Armor: Leather armour    |    50 |    40 ||    90
Dodge: Dodged            |    89 |    64 ||   153

Table legend: (Time is in decaauts)
 A = Elapsed time spent in this place.
 B = Non-inter-level travel time spent in this place.
 C = Inter-level travel time spent in this place.
 D = Time resting spent in this place.
 E = Time spent auto-exploring this place.
 F = Levels seen in this place.
 G = Mean time per level.
                   A        B        C        D        E       F      G
               +--------+--------+--------+--------+--------+-----+--------+
         Total |   3283 |   3148 |    135 |    643 |   1717 |   4 |  820.8 |
       Dungeon |   3283 |   3148 |    135 |    643 |   1717 |   4 |  820.8 |
               +--------+--------+--------+--------+--------+-----+--------+

Top non-repeatable levels by time:
     D:2: 1160 daAuts
     D:3: 1067 daAuts
     D:1: 1040 daAuts
     D:4: 15 daAuts
